 Dungeon Crawl Stone Soup version 0.28.0-43-g3370ac3207 (webtiles) character file.

Game seed: 13940774655898652496

64210 DasRunzen the Nimble (level 15, 0/123 HPs)
             Began as a Djinni Fire Elementalist on Mar 15, 2022.
             Was the Champion of Qazlal.
             Slain by Mlioglotl (8 damage)
             ... on level 1 of the Shoals on Mar 24, 2022.
             The game lasted 01:21:55 (27467 turns).

DasRunzen the Nimble (Djinni Fire Elementalist)    Turns: 27467, Time: 01:21:56

Health: 0/123      AC: 13    Str:  7    XL:     15   Next: 53%
Gold:   1808       EV: 17    Int: 34    God:    Qazlal [******] SH: 13 Dex: 13

rFire   + + .      SeeInvis .   d - staff of conjuration
rCold   x . .      Faith    .   (no shield)
rNeg    . . .      Spirit   .   S - +1 troll leather armour
rPois   ∞          Reflect  +   y - +2 helmet {Int+3}
rElec   .          Harm     .   (no cloak)
rCorr   .          Rampage  .   t - +0 pair of gloves
Will    +....      Clarity  +   (boots unavailable)
Stlth   +.........              I - amulet of reflection
HPRegen 1.10/turn               g - +6 ring of intelligence
MPRegen 0.00/turn               w - ring of wizardry

@: protected from physical damage, flying, repel missiles
A: sickness immunity, fire resistance 2, cold vulnerability 1, float, innate
caster, HP casting, extra vitality 1, clarity, deformed body, robust 1
a: Renounce Religion, Upheaval, Elemental Force, Disaster Area


You were on level 1 of the Shoals.
You worshipped Qazlal.
Qazlal was exalted by your worship.
You visited 5 branches of the dungeon, and saw 21 of its levels.

You collected 2057 gold pieces.
You spent 249 gold pieces at shops.

Inventory:

Hand Weapons
 m - a +1 dagger of holy wrath
 D - a +2 scimitar of flaming
Armour
 t - a +0 pair of gloves (worn)
 y - a +2 helmet of intelligence (worn)
 E - the +0 cloak of Inference {-Tele Will+ rCorr Dex+4}
   (You found it on level 5 of the Lair of Beasts)

   Dex:       It affects your dexterity (+4).
   -Tele:     It prevents most forms of teleportation.
   rCorr:     It protects you from acid and corrosion.
   Will:      It increases your willpower.
 S - a +1 troll leather armour (worn)
Magical Staves
 d - a staff of conjuration (weapon)
 r - a staff of earth
Jewellery
 a - a ring of ice
 g - a +6 ring of intelligence (left hand)
 w - a ring of wizardry (right hand)
 I - an amulet of reflection (around neck)
 K - an amulet of faith
 M - a ring of ice
Wands
 c - a wand of polymorph (18)
 n - a wand of digging (3)
 A - a wand of flame (11)
 G - a wand of iceblast (2)
 L - a wand of acid (7)
 N - a wand of mindburst (15)
Scrolls
 f - 4 scrolls of enchant armour
 h - 2 scrolls of amnesia
 i - 3 scrolls of teleportation
 k - 2 scrolls of fog {unknown}
 l - 2 scrolls of summoning {unknown}
 o - 3 scrolls of noise {unknown}
 p - 2 scrolls of blinking {unknown}
 q - 6 scrolls of vulnerability {unknown}
 s - 3 scrolls of silence {unknown}
 u - 2 scrolls of brand weapon {unknown}
 F - 3 scrolls of fear {unknown}
 H - 3 scrolls of immolation {unknown}
 J - a scroll of acquirement {unknown}
 O - a scroll of torment {unknown}
 P - a scroll of enchant weapon {unknown}
 R - a scroll of magic mapping {unknown}
Potions
 b - 3 potions of mutation
 e - 9 potions of curing
 v - a potion of might
 x - 3 potions of haste
 z - a potion of berserk rage
 B - a potion of brilliance
 C - a potion of cancellation
 Q - a potion of resistance


   Skills:
 + Level 12.2 Fighting
 + Level 12.1 Armour
 + Level 13.4 Dodging
 - Level 1.5 Stealth
 + Level 9.8 Spellcasting
 + Level 11.1 Invocations


You couldn't memorise any spells.
You knew the following spells:

 Your Spells              Type           Power      Damage    Failure   Level
a - Foxfire               Conj/Fire      100%       2x1d9     1%          1
b - Scorch                Fire           100%       2d10      1%          2
c - Conjure Flame         Conj/Fire      90%        6-21      1%          3
d - Inner Flame           Hex/Fire       71%        N/A       1%          3
e - Flame Wave            Conj/Fire      90%        2d15      1%          4
f - Apportation           Tloc           100%       N/A       1%          1
g - Ensorcelled Hibernat  Hex/Ice        100%       N/A       1%          2
h - Ignite Poison         Fire/Tmut/Pois 71%        N/A       1%          3
i - Teleport Other        Tloc           71%        N/A       1%          3
j - Animate Armour        Summ/Erth      100%       N/A       1%          4
k - Iskenderun's Battles  Conj           90%        2d14      1%          5
l - Eringya's Noxious Bo  Tmut/Pois      35%        N/A       4%          6
Your spell library was empty.

Dungeon Overview and Level Annotations

Branches:
Dungeon (11/15)            Temple (1/1) D:6            Lair (6/6) D:10
 Shoals (1/4) Lair:4       Spider (0/4) Lair:2        Slime (0/5) Lair:5
    Orc (2/2) D:10            Elf (0/3) Orc:2

Altars:
Ashenzari
Cheibriados
Dithmenos
Elyvilon
Fedhas
Gozag
Hepliaklqana
Kikubaaqudgha
Makhleb
Nemelex Xobeh
Okawaru
Qazlal
Ru
Sif Muna
Trog
Uskayaw
Vehumet
Wu Jian
Xom
Yredelemnul
Zin
The Shining One
Beogh
Jiyva

Shops:
D:2 (   D:6 *   D:9 ([   Orc:2 *![:

Portals:
Pandemonium: Orc:2

Annotations:
D:8 2 runed translucent doors, RamboRex's ghost, novice SpEn
Shoals:1 Mlioglotl


Innate Abilities, Weirdness & Mutations

You are immune to sickness and miasma.
You are immune to poison.
Your flesh is very heat resistant. (rF++)
You are vulnerable to cold. (rC-)
You float through the air rather than walking.
You learn spells naturally, not from books.
Your magical power is your life essence.
You have superior vitality. (+4 MHP)
You possess an exceptional clarity of mind.
Armour fits poorly on your strangely shaped body.
You are robust. (+10% HP)


Message History

You feel much better.
The smoke demon roars!
The hellwing completely misses you. The hellwing misses you.
The worldbinder calls forth creatures from the Shoals!
Mlioglotl splashes around in the water.
Mlioglotl tramples you.
You hold your ground!
The freezing wraith hits you but does no damage.
You block the freezing wraith's attack.
The spatial maelstrom is engulfed in freezing vapours.
A starcursed mass splits.
Okay, then.
As you read the scroll labelled PARIGE KOODYT, it crumbles to dust.
It is a scroll of enchant armour.
Your +0 troll leather armour glows green for a moment.
The freezing wraith is no longer more vulnerable to fire.
The merfolk aquamancer disappears in a puff of smoke!
The worldbinder is struck by lightning.
You block the spatial maelstrom's attack.
The spatial maelstrom hits you! Space warps horribly around you!!
* * * LOW HITPOINT WARNING * * *
The hellwing closely misses you.
The hellwing hits you but does no damage.
Mlioglotl hits you but does no damage.
Mlioglotl splashes around in the water.
The freezing wraith misses you. You block the freezing wraith's attack.
A starcursed mass splits. x2
As you read the scroll labelled SOQOZO CAOC, it crumbles to dust.
It is a scroll of amnesia.
You feel forgetful for a moment. The spatial maelstrom misses you.
You block the spatial maelstrom's attack.
Mlioglotl churns violently!
Mlioglotl corrupts the dungeon around him!
The hellwing misses you.
The hellwing hits you but does no damage.
The spatial maelstrom hits you but does no damage.
The spatial maelstrom hits you.
* * * LOW HITPOINT WARNING * * *
Space warps horribly around you!!
* * * LOW HITPOINT WARNING * * *
Mlioglotl is struck by lightning.
Mlioglotl hits you!
You die...

≈≈≈≈≈≈≈≈≈≈#
≈≈≈≈≈≈≈≈≈≈#
≈≈≈≈≈≈≈≈≈≈#
≈≈≈≈≈≈z≈≈≈#
≈≈≈≈≈≈≈≈≈≈#
≈≈≈≈≈≈≈≈§≈#
≈≈≈≈≈≈≈tv4#
≈≈≈≈≈≈≈GX@#
≈≈≈≈≈≈3mW○#
≈≈≈E≈≈≈3x≈#
≈≈≈≈≈≈≈≈≈t#
≈≈≈≈≈≈XX≈≈#
≈≈≈≈≈≈≈XX≈#
≈≈≈≈≈≈≈X≈≈#
≈≈≈≈≈≈≈≈≈≈#
≈≈≈≈≈≈≈≈≈≈#


You could see 4 starcursed masses, Mlioglotl (strong, combustible), a tentacled
starspawn (summoned, wandering), a spatial maelstrom (summoned), a merfolk
aquamancer (summoned), 2 snapping turtles, a glowing orange brain (summoned), a
hellwing (summoned), a freezing wraith (summoned), a worldbinder (summoned), a
smoke demon (summoned), an air elemental (summoned, wandering), a ynoxinul
(summoned) and a flying skull (summoned, wandering).

Vanquished Creatures
  Snorg (D:10)
  6 hydras
  2 demonspawn (Orc:2)
  An ice dragon (Lair:6)
  A catoblepas (Lair:5)
  Erica (D:8)
  A centaur warrior (Shoals:1)
  3 two-headed ogres
  A tengu warrior (D:10)
  4 orc high priests (Orc:2)
  A sun demon (Orc:1)
  2 sea snakes (Shoals:1)
  7 orc knights
  2 harpies
  A lindwurm (Lair:6)
  3 deep elf zephyrmancers (Orc:2)
  4 manticores (Shoals:1)
  8 orc sorcerers (Orc:2)
  5 deep elf pyromancers (Orc:2)
  2 fauns (Shoals:1)
  A cyclops (Orc:1)
  A merfolk siren (Shoals:1)
  3 black mambas
  3 centaur zombies
  Maggie (D:7)
  9 torpor snails
  9 cane toads
  Psyche (D:8)
  3 rime drakes
  6 komodo dragons
  A hellwing (Orc:2)
  3 merfolk (Shoals:1)
  2 burning bushes (Lair:6)
  3 trolls
  2 polar bears
  11 hornets
  15 blink frogs
  4 tyrant leeches (Lair:6)
  7 dream sheep (Lair:5)
  Sigmund (D:5)
  2 wyverns
  2 ynoxinuls (Orc:2)
  2 shadows
  A vampire (D:9)
  32 yaks
  3 water elementals (Shoals:1)
  A steam dragon (D:7)
  4 basilisks
  4 vampire mosquitoes
  A warg (Orc:1)
  An acid dragon (D:10)
  7 water moccasins
  41 orc warriors
  A sky beast (D:5)
  2 black bears
  9 wolves
  3 centaurs
  7 ogres
  A phantom (D:6)
  A gnoll sergeant (D:9)
  2 kobold brigands
  Blork the orc (D:4)
  10 bullfrogs
  5 scorpions (D:8)
  A water moccasin skeleton (D:4)
  5 wights (D:8)
  4 bullfrog zombies
  5 hounds
  4 jellies
  31 orc priests
  2 bullfrog skeletons
  A gnoll shaman (Orc:1)
  A centaur skeleton (D:6)
  An iguana (D:3)
  18 orc wizards
  A killer bee zombie (D:7)
  A hound skeleton (D:4)
  3 howler monkey zombies
  A howler monkey skeleton (D:6)
  7 adders
  12 gnolls
  A white imp (D:8)
  2 ufetubi (D:6)
  A worm (D:2)
  A dart slug (D:3)
  87 orcs
  7 endoplasms
  9 giant cockroaches
  6 hobgoblins
  2 jackals (D:3)
  19 kobolds
  2 quokkas (D:4)
  4 ball pythons
  3 bats
  A frilled lizard (D:2)
  4 goblins
  3 rats
  2 butterflies (D:8)
  8 foxfires
545 creatures vanquished.

Vanquished Creatures (collateral kills)
  16 foxfires
16 creatures vanquished.

Vanquished Creatures (others)
  A kobold (D:4)
  1413 foxfires
  31 fungi
  38 plants
  2 withered plants (D:8)
1485 creatures vanquished.

Grand Total: 2046 creatures vanquished

Notes
Turn   | Place    | Note
-------+----------+-------------------------------------------
     0 | D:1      | DasRunzen the Djinni Fire Elementalist began the quest for
                  | the Orb.
     0 | D:1      | Reached XP level 1. HP: 15/15 MP: 0/0
   352 | D:1      | Found a faded altar of an unknown god.
   640 | D:1      | Reached XP level 2. HP: 14/22 MP: 0/0
  1514 | D:2      | Reached skill level 1 in Armour
  1651 | D:2      | Found Uciexku's Antique Weapon Shoppe.
  1664 | D:2      | Reached XP level 3. HP: 22/26 MP: 0/0
  1664 | D:2      | Learned a level 1 spell: Apportation
  1666 | D:2      | Reached skill level 1 in Fighting
  1999 | D:2      | Reached XP level 4. HP: 25/32 MP: 0/0
  2165 | D:2      | Reached skill level 3 in Dodging
  2799 | D:3      | Found a hide-covered altar of Uskayaw.
  2799 | D:3      | Found a faded altar of an unknown god.
  2807 | D:3      | Found a faded altar of an unknown god.
  2809 | D:3      | Found an opulent altar of Gozag.
  3175 | D:3      | Reached XP level 5. HP: 34/38 MP: 0/0
  3175 | D:3      | Learned a level 2 spell: Ensorcelled Hibernation
  3621 | D:4      | Noticed Blork the orc
  3630 | D:4      | Killed Blork the orc
  3631 | D:4      | Reached XP level 6. HP: 28/45 MP: 0/0
  3841 | D:4      | Found a glowing golden altar of the Shining One.
  3844 | D:4      | Noticed an angel
  4058 | D:4      | Reached skill level 4 in Dodging
  4477 | D:4      | Reached XP level 7. HP: 45/50 MP: 0/0
  4477 | D:4      | Learned a level 3 spell: Ignite Poison
  4617 | D:4      | Found a basalt altar of Yredelemnul.
  4650 | D:5      | Entered Level 5 of the Dungeon
  4655 | D:5      | Noticed Sigmund
  4663 | D:5      | Killed Sigmund
  5118 | D:5      | Found a sparkling altar of Nemelex Xobeh.
  5161 | D:5      | Reached skill level 5 in Dodging
  5161 | D:5      | Reached XP level 8. HP: 51/58 MP: 0/0
  5857 | D:6      | Found a staircase to the Ecumenical Temple.
  5992 | Temple   | Entered the Ecumenical Temple
  5996 | Temple   | Became a worshipper of Qazlal Stormbringer
  6142 | D:6      | Reached skill level 6 in Dodging
  6145 | D:6      | Reached skill level 5 in Fighting
  6145 | D:6      | Reached skill level 5 in Armour
  6145 | D:6      | Reached skill level 1 in Invocations
  6145 | D:6      | Reached XP level 9. HP: 50/65 MP: 0/0
  6145 | D:6      | Learned a level 3 spell: Teleport Other
  6336 | D:6      | Found Eshoc's Gadget Gallery.
  6851 | D:7      | Noticed Maggie
  6859 | D:7      | Killed Maggie
  6860 | D:7      | Reached skill level 5 in Spellcasting
  6967 | D:7      | Noticed a hornet
  6971 | D:7      | Killed a hornet
  6983 | D:7      | Reached skill level 7 in Dodging
  7272 | D:7      | Reached * piety under Qazlal
  7439 | D:7      | Reached XP level 10. HP: 43/72 MP: 0/0
  8118 | D:8      | Noticed Erica
  8123 | D:8      | Killed Erica
  8227 | D:8      | Found a runed translucent door.
  8229 | D:8      | Found a runed translucent door.
  8434 | D:8      | Found a runed translucent door.
  8451 | D:8      | Noticed RamboRex's ghost (novice SpEn)
  8760 | D:8      | Reached ** piety under Qazlal
  8763 | D:8      | Reached skill level 8 in Dodging
  9027 | D:8      | Noticed Psyche
  9031 | D:8      | Killed Psyche
  9294 | D:8      | Reached skill level 5 in Invocations
  9590 | D:9      | Found Ymafeit's Antique Armour Emporium.
  9598 | D:9      | Bought a shiny helmet for 217 gold pieces
  9870 | D:9      | Noticed a two-headed ogre
  9876 | D:9      | Killed a two-headed ogre
  9877 | D:9      | Reached XP level 11. HP: 73/79 MP: 0/0
  9877 | D:9      | Learned a level 4 spell: Animate Armour
  9963 | D:9      | Found Xetarylu's Antique Weapon Emporium.
 11155 | D:10     | Entered Level 10 of the Dungeon
 11155 | D:10     | Noticed a two-headed ogre
 11160 | D:10     | Killed a two-headed ogre
 11161 | D:10     | Reached skill level 9 in Dodging
 11274 | D:10     | Noticed Snorg
 11280 | D:10     | Killed Snorg
 11547 | D:10     | Noticed a tengu warrior
 11551 | D:10     | Killed a tengu warrior
 11674 | D:10     | Identified the +1 robe of the Elephant {rPois Will- Str+9
                  | Dex+2}
 11797 | D:10     | Found a staircase to the Lair.
 12228 | D:10     | Noticed a two-headed ogre
 12233 | D:10     | Reached *** piety under Qazlal
 12234 | D:10     | Killed a two-headed ogre
 12815 | D:10     | Found a staircase to the Orcish Mines.
 12875 | D:10     | You are sucked into a shaft and drop 1 floor!
 12879 | D:11     | Reached XP level 12. HP: 70/88 MP: 0/0
 13143 | Lair:1   | Entered Level 1 of the Lair of Beasts
 14015 | Lair:1   | Reached skill level 10 in Dodging
 14693 | Lair:2   | Identified the +1 scale mail of Purpose {Str+3 Slay+3
                  | Stlth+}
 14977 | Lair:2   | Reached **** piety under Qazlal
 15643 | Lair:2   | Found a hole to the Spider Nest.
 16520 | Lair:3   | Reached XP level 13. HP: 61/94 MP: 0/0
 16520 | Lair:3   | Learned a level 5 spell: Iskenderun's Battlesphere
 16755 | Lair:3   | Found a snail-covered altar of Cheibriados.
 17536 | Lair:4   | Noticed an eight-headed hydra
 17541 | Lair:4   | Killed an eight-headed hydra
 17546 | Lair:4   | Reached skill level 11 in Dodging
 17860 | Lair:4   | Found a staircase to the Shoals.
 18054 | Lair:5   | Found a viscous altar of Jiyva.
 18054 | Lair:5   | Found a staircase to the Slime Pits.
 18061 | Lair:5   | Noticed a four-headed hydra
 18207 | Lair:5   | Reached skill level 10 in Fighting
 18402 | Lair:5   | Reached skill level 10 in Armour
 18471 | Lair:5   | Killed a four-headed hydra
 19127 | Lair:5   | Noticed a five-headed hydra
 19133 | Lair:5   | Reached ***** piety under Qazlal
 19133 | Lair:5   | Killed a five-headed hydra
 19560 | Lair:5   | Identified the +0 cloak of Inference {-Tele Will+ rCorr
                  | Dex+4}
 19634 | Lair:5   | Noticed a catoblepas
 19644 | Lair:5   | Killed a catoblepas
 19647 | Lair:5   | Gained mutation: You are robust. (+10% HP) [potion of
                  | mutation]
 19647 | Lair:5   | Gained mutation: You possess an exceptional clarity of
                  | mind. [potion of mutation]
 19647 | Lair:5   | Gained mutation: Armour fits poorly on your strangely
                  | shaped body. [potion of mutation]
 19886 | Lair:6   | Entered Level 6 of the Lair of Beasts
 19908 | Lair:6   | Noticed a seven-headed hydra
 19919 | Lair:6   | Killed a seven-headed hydra
 20699 | Lair:6   | Noticed an eight-headed hydra
 20704 | Lair:6   | Killed an eight-headed hydra
 20962 | Lair:6   | Reached XP level 14. HP: 106/113 MP: 0/0
 21334 | Lair:6   | Found a runed translucent door.
 21366 | Lair:6   | Reached skill level 12 in Dodging
 23197 | Orc:1    | Entered Level 1 of the Orcish Mines
 23861 | Orc:1    | Reached skill level 10 in Invocations
 24081 | D:10     | HP: 1/115 [orc warrior/+0 dire flail[an orc knight] (20)]
 25125 | Orc:2    | Entered Level 2 of the Orcish Mines
 25254 | Orc:2    | Reached ****** piety under Qazlal
 25358 | Orc:2    | Found Inwen's General Store.
 25365 | Orc:2    | Found Kuloxuce's Distillery.
 25422 | Orc:2    | Bought a scroll of identify for 32 gold pieces
 25717 | Orc:2    | Identified the +1 leather armour of the Morning Star {Str+2
                  | Dex+4}
 25730 | Orc:2    | Reached XP level 15. HP: 83/123 MP: 0/0
 25730 | Orc:2    | Learned a level 6 spell: Eringya's Noxious Bog
 25933 | Orc:2    | Reached skill level 13 in Dodging
 26286 | Orc:2    | Found a staircase to the Elven Halls.
 26662 | Orc:2    | Found Nihoff's Book Emporium.
 26662 | Orc:2    | Found Fadus's Antique Armour Shoppe.
 26663 | Orc:2    | Found a one-way gate leading to the halls of Pandemonium.
 27064 | Shoals:1 | Entered Level 1 of the Shoals
 27238 | Shoals:1 | Noticed Mlioglotl
 27467 | Shoals:1 | Slain by Mlioglotl

Illustrated notes

Levels and vault maps discovered:
D:1:      lightli_arrival_quake, layout_basic, ebering_ecumenical_altar_mist,
          minmay_misc_feat_iff, kennysheep_nondescript
D:2:      layout_basic, serial_shops, shop, grunt_decor_junction
D:3:      layout_basic, chequers_temple_overflow_minitemple, item_on_display_a
D:4:      layout_loops_ring, grunt_temple_overflow_holy_war, serial_glass,
          glass_columns_c, glass_columns_a, minmay_checkerbox,
          uniq_blork_the_orc
D:5:      layout_rooms, mainiacjoe_overflow_chevrons, uniq_sigmund
D:6:      layout_basic, minmay_temple_entry_mist, nicolae_shop_gadgets
D:7:      layout_basic, hellmonk_bongcloud_opening, uniq_maggie
D:8:      lemuel_insect_pit, layout_basic, gammafunk_ghost_grave, uniq_psyche,
          uniq_erica
D:9:      layout_stronghold, serial_shops, shop, shop
D:10:     layout_rooms, lair_entry_dummy, david_orc_5,
          kennysheep_generic_room_9, uniq_snorg
D:11:     layout_basic, uniq_grum
Temple:   nicolae_temple_x_marks_the_god
Lair:1:   layout_hall_layers
Lair:2:   layout_gridlike, spider_nest_entry_web_field
Lair:3:   layout_chaotic_city, kennysheep_snail_temple, grunt_megastairs_5
Lair:4:   layout_misc_corridors, elwin_shoals_entry_rooms
Lair:5:   layout_long_grid, slime_altar_1
Lair:6:   wormcave, layout_cave_pods, evilmike_ambush
          [evilmike_ambush_outer_corners, evilmike_ambush_inner_basic]
Shoals:1: layout_shoals, nicolae_shoals_flooded_hall, uniq_mlioglotl
Orc:1:    layout_caves, basic_altar
Orc:2:    pf_orc_diabolical, layout_diamond_mine, elves_outpost_lemuel

Skill      XL: |  1  2  3  4  5  6  7  8  9 10 11 12 13 14 15 |
---------------+----------------------------------------------+-----
Armour         | 1 2 3 5 6 7 8 9 10 11 12 | 12.1
Fighting       | 1 2 3 5 6 7 8 9 10 11 12 | 12.2
Dodging        | 3 4 5 6 7 8 9 10 11 12 13 | 13.4
Spellcasting   | 3 4 5 6 7 8 9 |  9.8
Invocations    | 1 3 5 6 8 9 10 11 | 11.1
Stealth        | |  1.5

Action                   |  1- 3 |  4- 6 |  7- 9 | 10-12 | 13-15 || total
-------------------------+-------+-------+-------+-------+-------++-------
Melee: Dagger            |       |       |     1 |       |       ||     1
       Staff             |       |       |       |     2 |    20 ||    22
       Punch             |       |       |       |       |     1 ||     1
 Cast: Foxfire           |    67 |   103 |   140 |   291 |   259 ||   860
       Inner Flame       |     1 |       |    10 |    53 |   110 ||   174
       Scorch            |       |    18 |    40 |   152 |   429 ||   639
       Teleport Other    |       |       |       |     1 |       ||     1
       Animate Armour    |       |       |       |     1 |       ||     1
       Ensorcelled Hiber |       |       |       |       |     2 ||     2
       Apportation       |       |       |       |       |     1 ||     1
       Eringya's Noxious |       |       |       |       |     3 ||     3
Invok: Upheaval          |       |       |       |       |     2 ||     2
Evoke: Wand              |       |       |       |       |     2 ||     2
  Use: Scroll            |     2 |     2 |     2 |     5 |     7 ||    18
       Potion            |       |       |       |       |     5 ||     5
Armor: Robe              |     1 |     2 |     3 |    12 |    25 ||    43
       Troll leather arm |       |       |       |       |    37 ||    37
Dodge: Dodged            |     2 |    10 |     9 |    38 |   220 ||   279
       Repelled          |       |       |       |       |     5 ||     5
Block: Other             |       |       |       |    21 |   193 ||   214
       Reflection        |       |       |       |       |    16 ||    16
